Map: Neon Violet Square LE

Players

iGiA (iAsonu)

  • Race: Zerg Zerg
  • League: Diamond
  • Spawn Location: 11:00

Reynor - Winner!

  • Race: Zerg Zerg
  • Spawn Location: 5:00

Event: WESG 2017 Haikou

VOD

Have the link to the VOD?

Description

Time

  • Played on: March 15, 2018, 12:58 a.m.
  • Length: 17:10

All games in this series

Show
View Real Time Build Order
Export as new Build Order

iGiA Zerg 

Build Orders: Hatch First, Lurkers 

Get SALT Encoding   

  12  0:01  Drone  
  13  0:13  Overlord  
  13  0:18  Drone  
  14  0:31  Drone x2  
  14  0:35  Drone  
  17  0:53  Hatchery  
  17  0:56  Drone  
  17  0:59  Drone  
  18  1:10  Extractor  
  17  1:15  Spawning Pool  
  17  1:17  Drone  
  17  1:21  Drone  
  18  1:29  Drone  
  19  1:39  Overlord  
  19  1:50  Drone  
  20  2:01  Queen  
  20  2:02  Zergling x2  
  20  2:04  Queen  
  20  2:06  Drone  
  26  2:09  Metabolic Boost  
  26  2:15  Drone  
  27  2:19  Drone  
  27  2:22  Drone  
  29  2:27  Drone  
  30  2:34  Baneling Nest, Drone  
  30  2:40  Queen  
  31  2:45  Overlord  
  31  2:47  Drone  
  32  2:54  Zergling x2  
  32  2:57  Zergling x2  
  34  3:07  Zergling x4  
  34  3:11  Drone  
  34  3:12  Drone x4  
  40  3:23  Baneling  
  40  3:24  Drone x3  
  43  3:33  Overlord  
  43  3:40  Hatchery  
  42  3:42  Zergling x2  
  43  3:49  Zergling x2  
  43  3:53  Zergling x10  
  48  3:57  Zergling x2  
  48  3:58  Drone  
  50  4:03  Baneling x2  
  50  4:04  Evolution Chamber  
  50  4:06  Baneling  
  50  4:09  Drone x2  
  51  4:17  Overlord  
  51  4:18  Baneling x2  
  51  4:23  Drone x2  
  52  4:28  Roach Warren  
  50  4:37  Drone x5  
  54  4:41  Zerg Missile Weapons Level 1  
  54  4:43  Extractor x2  
  52  4:52  Drone  
  51  4:55  Lair  
  51  4:59  Drone x4  
  55  5:03  Overlord  
  55  5:05  Drone  
  55  5:06  Drone  
  57  5:10  Roach x3  
  57  5:13  Roach  
  65  5:17  Baneling  
  64  5:24  Baneling  
  64  5:33  Roach x2  
  63  5:37  Zergling x2  
  63  5:38  Zergling x10  
  63  5:39  Ravager  
  63  5:40  Roach  
  67  5:45  Zergling x6  
  67  5:47  Roach x2  
  74  5:52  Overlord  
  74  5:56  Baneling  
  74  5:57  Baneling  
  74  5:59  Baneling x4  
  74  6:00  Baneling  
  74  6:06  Overlord  
  74  6:09  Baneling  
  74  6:18  Glial Reconstitution  
  73  6:20  Queen  
  73  6:22  Drone x3  
  78  6:25  Overseer  
  78  6:26  Overlord  
  78  6:28  Extractor  
  78  6:29  Roach x2  
  78  6:32  Overlord  
  81  6:35  Overlord  
  81  6:40  Roach x3  
  87  6:47  Overlord  
  87  6:51  Roach  
  87  6:52  Roach x2  
  93  6:55  Roach  
  93  6:56  Roach  
  97  7:03  Roach x3  
  97  7:04  Roach  
  97  7:05  Overlord  
  97  7:07  Drone  
  97  7:08  Drone x2  
  108  7:11  Drone  
  109  7:18  Overlord  
  109  7:20  Roach  
  111  7:27  Roach x4  
  118  7:40  Drone x6  
  118  7:41  Zerg Missile Weapons Level 2  
  124  7:45  Drone x4  
  124  7:50  Drone  
  126  7:55  Drone  
  126  7:56  Overlord  
  127  7:58  Extractor, Drone x3  
  127  7:59  Tunneling Claws  
  127  8:00  Burrow  
  129  8:06  Drone x3  
  132  8:17  Roach x3  
  138  8:20  Overseer, Overlord  
  138  8:22  Hatchery  
  138  8:23  Extractor  
  138  8:24  Roach  
  138  8:25  Roach  
  140  8:31  Overlord x3  
  140  8:34  Overlord  
  140  8:38  Overlord  
  140  8:41  Roach x2  
  144  8:44  Roach  
  144  8:46  Overlord x2  
  146  8:53  Roach x4  
  154  8:59  Roach x3  
  160  9:05  Roach x4  
  168  9:10  Hydralisk Den, Ravager x2  
  168  9:11  Ravager x2  
  168  9:16  Roach x3  
  177  9:21  Roach x2  
  177  9:22  Roach x6  
  181  9:31  Roach x2  
  181  9:32  Roach x4  
  186  9:46  Roach x4  
  186  9:47  Roach x3  
  186  9:52  Roach  
  199  10:06  Roach x5  
  191  10:09  Overlord x2  
  191  10:12  Roach x2  
  191  10:13  Roach  
  191  10:17  Roach  
  191  10:18  Roach x5, Overlord  
  191  10:19  Overlord  
  191  10:24  Roach x2  
  191  10:25  Roach  
  189  10:29  Roach x3  
  189  10:30  Roach x2  
  189  10:35  Hydralisk Den  
  190  10:46  Roach  
  190  10:47  Roach x9  
  192  10:59  Drone x2  
  192  11:00  Drone x2  
  192  11:04  Pneumatized Carapace  
  187  11:05  Drone  
  187  11:08  Muscular Augments, Grooved Spines  
  187  11:09  Lurker Den  
  188  11:11  Ravager x4  
  188  11:12  Ravager  
  192  11:26  Roach  
  192  11:27  Roach x2  
  192  11:28  Roach  
  192  11:29  Roach  
  196  11:47  Roach  
  188  12:03  Hydralisk  
  188  12:04  Hydralisk x5  
  196  12:12  Hydralisk x2  
  144  12:38  Roach x10  
  156  12:50  Roach  
  156  12:51  Roach x15  
  178  13:01  Roach x4  
  186  13:12  Lurker x5  
  191  13:16  Overlord  
  191  13:18  Infestation Pit  
  190  13:22  Roach x6  
  190  13:33  Roach  
  192  13:34  Roach x6  
  192  13:40  Roach x6  
  196  13:47  Roach x5  
  184  13:56  Roach x7  
  184  13:59  Hive  
  198  14:03  Overlord  
  198  14:05  Roach x9  
  198  14:14  Roach x5  
  198  14:15  Overlord x3  
  198  14:16  Overlord x3  
  198  14:19  Hatchery  
  187  14:39  Hydralisk x7  
  191  14:47  Hydralisk x4  
  158  15:03  Roach x3  
  158  15:04  Roach  
  136  15:15  Lurker x4  
  125  15:21  Roach x9  
  125  15:25  Roach  
  125  15:27  Lurker  
  125  15:28  Lurker  
  126  15:40  Roach x5  
  136  15:55  Roach  
  136  15:56  Roach x7  
  152  15:58  Overseer  
  152  16:06  Roach x4  
  160  16:12  Unknown x8  
  107  16:40  Overlord  
  107  16:43  Hydralisk x6  
Show
View Real Time Build Order
Export as new Build Order

Reynor Zerg - Winner!

Build Orders: Hatch First, Lurkers 

Get SALT Encoding   

  12  0:00  Drone  
  13  0:13  Overlord  
  13  0:17  Drone  
  14  0:31  Drone x2  
  17  0:35  Drone  
  17  0:52  Hatchery  
  17  0:55  Drone  
  17  0:59  Drone  
  18  1:09  Extractor  
  17  1:13  Spawning Pool  
  17  1:17  Drone  
  17  1:20  Drone  
  18  1:28  Drone  
  19  1:39  Overlord  
  19  2:00  Queen  
  19  2:01  Zergling x4  
  23  2:04  Queen, Zergling x2  
  26  2:08  Metabolic Boost  
  26  2:12  Drone  
  26  2:15  Drone  
  28  2:22  Drone  
  29  2:25  Drone  
  30  2:39  Hatchery  
  30  2:44  Drone x2  
  31  2:46  Drone  
  31  2:48  Drone  
  33  2:53  Evolution Chamber  
  33  2:55  Drone  
  32  3:05  Overlord  
  32  3:06  Drone  
  32  3:09  Drone  
  33  3:17  Zergling x6  
  35  3:21  Zergling x2  
  35  3:23  Queen  
  35  3:26  Zerg Melee Weapons Level 1  
  38  3:31  Queen  
  40  3:34  Zergling x2  
  40  3:37  Zergling x2  
  40  3:38  Zergling x2  
  43  3:42  Zergling x2  
  43  3:45  Overlord  
  43  3:49  Zergling x2  
  44  3:57  Drone  
  44  3:58  Drone x4  
  44  4:01  Zergling x2  
  50  4:03  Drone  
  50  4:04  Drone  
  52  4:14  Drone x2  
  52  4:15  Drone x2  
  55  4:18  Baneling Nest  
  55  4:19  Zergling x4  
  55  4:20  Drone  
  55  4:26  Zergling x4  
  57  4:32  Overlord  
  57  4:35  Overlord  
  57  4:37  Zergling x2  
  58  4:41  Zergling x2  
  58  4:44  Overlord  
  57  4:51  Zergling x2  
  57  4:52  Zergling x6  
  58  4:53  Drone x3  
  58  4:54  Lair  
  58  4:56  Zergling x2  
  58  4:57  Extractor, Zergling x2  
  58  4:58  Zergling x2  
  63  5:02  Zergling x2  
  64  5:07  Drone  
  64  5:08  Drone  
  64  5:12  Baneling x3  
  64  5:13  Zergling x2  
  67  5:20  Zergling x6  
  69  5:21  Drone  
  66  5:30  Zergling x8  
  66  5:35  Zergling x8  
  67  5:41  Drone  
  67  5:42  Drone x2  
  66  5:43  Drone  
  66  5:44  Drone x2  
  66  5:45  Roach Warren  
  66  5:47  Extractor  
  68  5:50  Zergling x2  
  68  5:53  Drone x3  
  68  5:54  Drone x2  
  73  5:58  Extractor  
  73  6:01  Drone, Spire  
  72  6:05  Overlord  
  72  6:08  Drone  
  72  6:12  Spine Crawler  
  69  6:20  Overlord  
  68  6:27  Roach x8  
  68  6:28  Roach x2  
  68  6:31  Overlord  
  68  6:32  Zerg Missile Weapons Level 1  
  88  6:37  Overlord  
  88  6:40  Roach x3  
  88  6:42  Drone x2  
  88  6:44  Extractor  
  88  6:45  Drone x2  
  88  6:46  Glial Reconstitution  
  97  6:49  Drone  
  97  6:50  Evolution Chamber  
  97  6:52  Roach x2  
  101  6:54  Drone  
  101  6:55  Drone  
  101  6:58  Roach  
  101  6:59  Drone  
  101  7:01  Overlord  
  106  7:06  Roach  
  106  7:07  Roach  
  110  7:09  Roach  
  110  7:12  Roach  
  110  7:14  Overlord  
  114  7:16  Unknown  
  114  7:18  Overlord  
  114  7:22  Roach x3  
  120  7:27  Roach x2  
  120  7:28  Overlord  
  121  7:30  Overlord  
  121  7:33  Roach  
  121  7:34  Roach  
  125  7:39  Drone x2  
  125  7:41  Drone x2  
  128  7:45  Drone x3  
  129  7:58  Zerg Ground Armor Level 1, Roach x2  
  128  7:59  Roach x3  
  128  8:00  Overlord  
  128  8:03  Ravager  
  128  8:04  Ravager x3  
  128  8:05  Roach  
  143  8:06  Roach  
  143  8:09  Drone x2  
  143  8:10  Drone  
  143  8:11  Extractor  
  147  8:14  Roach x2  
  151  8:24  Roach x5  
  161  8:34  Zerg Missile Weapons Level 2  
  161  8:36  Hatchery  
  161  8:37  Overlord, Unknown  
  160  8:46  Overlord  
  160  8:51  Overlord  
  160  8:55  Roach x5  
  170  9:02  Overlord  
  170  9:06  Ravager x2  
  170  9:07  Roach x3, Unknown  
  178  9:11  Roach x4  
  186  9:17  Overlord  
  186  9:20  Overlord  
  186  9:22  Overseer  
  186  9:23  Pneumatized Carapace  
  186  9:26  Ravager  
  186  9:27  Overseer  
  187  9:37  Roach x6  
  189  10:02  Roach x4  
  189  10:03  Roach x3  
  199  10:09  Hydralisk Den  
  199  10:12  Spore Crawler  
  197  10:14  Spine Crawler, Overseer  
  197  10:15  Spine Crawler  
  197  10:20  Drone x5  
  200  10:22  Extractor  
  196  10:47  Hydralisk x2  
  200  10:50  Muscular Augments  
  196  11:01  Zerg Ground Armor Level 2  
  196  11:03  Hydralisk x5  
  200  11:14  Unknown x2  
  200  11:31  Spine Crawler, Lurker Den  
  198  11:42  Spore Crawler  
  197  11:47  Spore Crawler  
  197  11:48  Queen  
  194  12:12  Grooved Spines  
  194  12:15  Roach x4  
  200  12:20  Unknown x3  
  190  12:33  Roach  
  190  12:34  Roach x16  
  188  12:40  Roach x3  
  186  12:46  Roach x3  
  186  12:48  Unknown  
  186  12:49  Roach, Unknown x2  
  182  12:59  Lurker x3  
  182  13:00  Hydralisk x4, Lurker x3  
  196  13:07  Hydralisk x2, Infestation Pit  
  199  13:19  Hatchery  
  172  13:56  Drone, Hive  
  172  13:57  Drone x6  
  172  13:59  Extractor  
  178  14:12  Roach x5  
  178  14:13  Roach x6  
  178  14:16  Overseer  
  200  14:28  Overlord  
  199  14:41  Overlord  
  196  14:47  Unknown  
  187  14:57  Roach  
  187  14:58  Roach x15  
  196  15:00  Hydralisk x4  
  196  15:04  Roach x5  
  196  15:11  Roach x6  
  199  15:30  Adaptive Talons  
  199  15:31  Ravager  
  200  15:42  Extractor  
  195  16:25  Viper  
  181  16:26  Roach x3  
  181  16:27  Roach x12  
  181  16:29  Hydralisk x2  
  181  16:30  Hydralisk x4  
  181  16:32  Overseer x2  
  199  16:35  Roach x4  
  199  16:36  Roach  
  195  16:45  Overseer  
  195  16:46  Overseer  
  199  17:03  Hatchery  
Tags
 
Add a new tag
Caveats
  • Supply blocks, unpowered buildings, or Contaminate may cause inaccurate times.
  • Supply counts are checked every 10 seconds.